Map: Dreamcatcher LE

Players

Test

  • Race: Terran Terran
  • Spawn Location: 11:00

Tainted - Winner!

  • Race: Terran Terran
  • Spawn Location: 5:00

VOD

Have the link to the VOD?

Description

Time

  • Played on: May 15, 2018, 3:37 p.m.
  • Length: 5:29
Show
View Real Time Build Order
Export as new Build Order

Test Terran 

Build Orders:  

Get SALT Encoding   

  12  0:00  SCV  
  13  0:12  SCV  
  14  0:20  Supply Depot  
  14  0:24  SCV  
  15  0:29  Refinery  
  15  0:42  SCV  
  16  0:47  Barracks  
  16  0:54  SCV  
  17  1:09  SCV  
  18  1:33  Command Center  
  18  1:37  Marine  
  19  1:47  Orbital Command  
  19  1:55  Marine  
  20  2:13  Marine  
  21  2:17  Barracks  
  21  2:22  Factory  
  21  2:25  SCV  
  22  2:37  SCV  
  22  2:38  Barracks Reactor  
  23  2:49  SCV  
  23  2:51  Orbital Command  
  24  3:01  Engineering Bay, Supply Depot  
  24  3:05  SCV  
  25  3:10  Barracks Tech Lab, Refinery  
  25  3:12  Factory Tech Lab  
  25  3:16  Marine  
  25  3:17  SCV  
  27  3:29  SCV, Marine  
  27  3:30  Marine  
  27  3:33  Marine  
  28  3:47  Marine x2  
  28  3:48  Bunker  
  30  3:51  Marine  
  28  4:05  Marine x2  
  28  4:09  Marine  
  21  4:23  Marine x2  
  19  4:27  Marine  
  20  4:41  Marine x2  
  21  4:51  Marine  
  19  4:59  Marine  
Show
View Real Time Build Order
Export as new Build Order

Tainted Terran - Winner!

Build Orders:  

Get SALT Encoding   

  12  0:03  SCV  
  13  0:15  SCV  
  13  0:18  Supply Depot  
  14  0:27  SCV  
  15  0:39  SCV  
  16  0:43  Barracks  
  16  0:50  Supply Depot  
  16  0:52  SCV  
  17  1:06  SCV  
  18  1:19  Barracks  
  18  1:26  SCV  
  18  1:29  Marine  
  20  1:37  Barracks  
  20  1:41  SCV, Refinery  
  21  1:50  Marine  
  22  2:03  SCV  
  22  2:07  Marine, Supply Depot  
  22  2:08  Marine  
  24  2:15  SCV  
  25  2:27  SCV  
  25  2:29  Reaper  
  27  2:33  Marine x2  
  29  2:38  Barracks  
  29  2:39  Supply Depot  
  29  2:51  Marine x2  
  31  3:06  Marine  
  31  3:08  Marine  
  31  3:11  Supply Depot  
  33  3:15  Marine  
  34  3:24  Marine  
  34  3:27  Barracks  
  34  3:30  Marine x2  
  34  3:33  Marine  
  37  3:42  Marine  
  37  3:48  Marine x2  
  40  4:08  Marine x4  
  42  4:26  Marine x4  
  46  4:43  Marine  
  46  4:44  Marine x3  
  49  5:01  Marine x2  
  49  5:02  Marine  
Tags
 
Add a new tag
Caveats
  • Supply blocks, unpowered buildings, or Contaminate may cause inaccurate times.
  • Supply counts are checked every 10 seconds.